[Event "Stockholm Elo Challenge 2019"]
[Site "Stockholm"]
[Date "2019.05.31"]
[Round "4.4"]
[White "Molin, Nils"]
[Black "Sjostrand, Joel"]
[Result "1-0"]
[ECO "B00"]
[WhiteElo "1816"]
[BlackElo "1977"]
[Annotator "NA"]
[PlyCount "91"]
[EventDate "2019.05.29"]
[EventType "swiss"]
[EventCountry "SWE"]
[SourceTitle "playchess.com"]
[Source "ChessBase"]
[SourceQuality "1"]
[TimeControl "40/5400+30:1800+30"]

1. e4 d6 2. Nf3 Nf6 3. d3 Bg4 4. h3 Bxf3 5. Qxf3 e6 6. Qg3 c5 7. Be2 Nc6 8. O-O Nd4 9. Bd1 e5 10. f4 exf4 11. Bxf4 Ne6 12. Be3 d5 13. e5 Nd7 14. c3 d4 15. cxd4 cxd4 16. Bf4 Qb6 17. Bb3 Ndc5 18. Nd2 Nxb3 19. axb3 Bc5 20. Ne4 Rd8 21. Rac1 O-O {[%emt 0:08:36] [#]} 22. Bh6 $1 Be7 23. Rf6 Bxf6 24. Nxf6+ Kh8 25. Bxg7+ Nxg7 26. Qh4 Qxf6 27. Qxf6 Kg8 28. Rc7 Rb8 29. Qg5 b5 30. e6 a6 31. Rd7 h6 32. Qg4 h5 33. Qg5 Rb6 34. e7 (34. exf7+ $142 Kh7 {[#]} 35. Qc5 $1 Rbb8 36. Qe7 Rbc8 37. Qe4+ {[%mdl 64] Double Attack} Kh8 38. Qg6 Nf5 39. Qf6+ Kh7 40. Qxf5+ {[%mdl 64] Double Attack} Kh8 41. Qxh5+ Kg7 42. Qg5+ Kh7 43. Rxd4 Rc1+ 44. Kh2 Rh1+ 45. Kxh1 Rxf7 46. Rh4#) 34... Re8 35. Rd8 Rb8 36. b4 Kh7 37. Rxd4 Rb7 38. Re4 Rb6 39. d4 Rg6 40. Qd5 Rf6 41. Qd7 Re6 42. Rxe6 fxe6 43. Qb7 Nf5 44. Qxa6 Rxe7 $18 45. Qxb5 Nxd4 46. Qxh5+ 1-0

[Event "Stockholm Elo Challenge 2019"]
[Site "Stockholm"]
[Date "2019.05.31"]
[Round "4.5"]
[White "Korning, Peter"]
[Black "Storskog, Thomas"]
[Result "1-0"]
[ECO "A04"]
[WhiteElo "1966"]
[BlackElo "1790"]
[Annotator "NA RC"]
[PlyCount "111"]
[EventDate "2019.05.29"]
[EventType "swiss"]
[EventCountry "SWE"]
[SourceTitle "playchess.com"]
[Source "ChessBase"]
[SourceQuality "1"]
[TimeControl "40/5400+30:1800+30"]

1. Nf3 b6 2. g3 Bb7 3. Bg2 Nf6 4. O-O c5 5. d3 d5 6. Nbd2 Nbd7 {[%emt 0:03:56] A04: Unusual lines after 1 Nf3 and King's Indian Attack} (6... e6 7. e4 Be7 8. Qe2 O-O 9. e5 Nfd7 10. Re1 Nc6 11. h4 Qc7 12. Nf1 Rfc8 13. Bf4 d4 14. h5 h6 15. N1d2 Nb4 16. Nc4 Nd5 17. Bd2 Rab8 18. a4 a6 19. c3 dxc3 20. bxc3 {½-½ (65) Friedel,J (2562)-Dragun,K (2591) Saint Louis 2018}) 7. e4 Qc7 8. Re1 dxe4 9. dxe4 e5 10. b3 g6 $146 ({Predecessor:} 10... b5 11. Bb2 Rd8 12. Qe2 a6 13. a4 Bc6 14. axb5 axb5 {1-0 (49) Voegeli,M (1740)-Salomon Emmanuel,Y (1588) Costa Brava 2016}) 11. Bb2 Ba6 12. Bf1 Bxf1 13. Rxf1 Bg7 14. Nc4 O-O 15. Qe2 Rfe8 16. Rad1 Re7 17. a4 Ne8 18. Rd3 a6 19. Ra1 Rb8 20. Ne3 Nef6 21. Nd5 Nxd5 22. Rxd5 b5 23. axb5 axb5 24. Rdd1 Qc6 25. Ra7 Rb7 26. Ra8+ Bf8 27. Bc1 Rb8 28. Rxb8 Nxb8 29. Rd8 Re8 30. Rxe8 Qxe8 31. Qd3 Na6 32. Bd2 Nc7 33. Bc3 f6 34. Nd2 Qe7 35. Nf1 Qd6 36. Qxd6 Bxd6 37. Ne3 b4 38. Bb2 Nb5 39. Nc4 Bc7 40. f3 Kf7 41. Kf1 Nd6 42. Nxd6+ Bxd6 43. Ke2 Ke6 44. Kd3 g5 $2 (44... Kd7 $14) 45. Kc4 Bf8 46. Kb5 g4 47. fxg4 Bh6 48. Kxc5 Bd2 49. Kc4 Be1 50. Bc1 Kd6 51. Be3 Kc6 52. Bc5 Bd2 53. Bxb4 Be3 54. Be7 Bg1 55. Bxf6 Bxh2 56. Bxe5 1-0

[Event "Stockholm Elo Challenge 2019"]
[Site "Stockholm"]
[Date "2019.05.31"]
[Round "4.6"]
[White "Jansson, Gilbert"]
[Black "Isaksson, Max"]
[Result "1-0"]
[ECO "D03"]
[WhiteElo "1892"]
[BlackElo "1572"]
[Annotator "NA"]
[PlyCount "43"]
[EventDate "2019.05.29"]
[EventType "swiss"]
[EventCountry "SWE"]
[SourceTitle "playchess.com"]
[Source "ChessBase"]
[SourceQuality "1"]
[TimeControl "40/5400+30:1800+30"]

1. d4 d5 2. Nf3 Nf6 3. Bg5 e6 4. Nbd2 Be7 5. e3 O-O 6. Bd3 c5 7. c3 Nc6 8. O-O b6 9. Qa4 Bb7 10. Ne5 Nxe5 11. dxe5 Nd7 12. Qh4 h6 13. Bxe7 Qc7 14. Bxf8 Rxf8 15. f4 c4 16. Bc2 Qc6 17. Rf3 Nc5 18. Rg3 Kh8 19. Qg4 Rg8 20. f5 Qd7 21. f6 g6 22. Rh3 1-0

[Event "Stockholm Elo Challenge 2019"]
[Site "Stockholm"]
[Date "2019.06.01"]
[Round "5.1"]
[White "Karlsson, Lars"]
[Black "Bergqvist, Gustav 2004"]
[Result "1-0"]
[ECO "A01"]
[WhiteElo "2448"]
[BlackElo "1751"]
[Annotator "ChessBase"]
[PlyCount "51"]
[EventDate "2019.05.29"]
[EventType "swiss"]
[EventCountry "SWE"]
[SourceTitle "playchess.com"]
[Source "ChessBase"]
[SourceQuality "1"]
[TimeControl "40/5400+30:1800+30"]

1. b3 d5 2. Bb2 Bg4 3. f3 Bh5 4. e3 Nd7 5. d4 Ngf6 6. Ne2 e6 7. c4 c6 8. Qd2 Bd6 9. Nbc3 Bg6 10. g4 h5 11. g5 Ng8 12. h4 f6 13. Rg1 fxg5 14. Rxg5 Rh6 15. e4 dxe4 16. Nxe4 Bxe4 17. fxe4 g6 18. Nf4 Bxf4 19. Qxf4 Qf6 20. Qe3 Ne7 21. O-O-O Qf7 22. Bh3 Rh7 23. d5 cxd5 24. exd5 exd5 25. Rf1 Qg8 26. Be6 1-0

[Event "Stockholm Elo Challenge 2019"]
[Site "Stockholm"]
[Date "2019.06.01"]
[Round "5.2"]
[White "Willinger, Tim"]
[Black "Pettersson, Alexander"]
[Result "0-1"]
[ECO "B14"]
[WhiteElo "2073"]
[BlackElo "2045"]
[Annotator "NA"]
[PlyCount "166"]
[EventDate "2019.05.29"]
[EventType "swiss"]
[EventCountry "SWE"]
[SourceTitle "playchess.com"]
[Source "ChessBase"]
[SourceQuality "1"]
[TimeControl "40/5400+30:1800+30"]

1. e4 c6 2. d4 d5 3. exd5 cxd5 4. c4 Nf6 5. Nc3 e6 6. Nf3 Be7 7. cxd5 Nxd5 8. Bc4 Nxc3 9. bxc3 Nc6 10. O-O O-O 11. Re1 Bd7 {[%emt 0:03:36] D41: Queen's Gambit Declined: Semi-Tarrasch with 5 cxd5} 12. Bd3 Rc8 13. Bc2 $146 ({Predecessor:} 13. Qe2 Qa5 14. Bd2 Qh5 15. Rab1 Nd8 16. c4 Bd6 17. h3 f6 18. Be4 b6 19. Rec1 Nf7 20. Qf1 f5 21. Bd3 g5 22. Be2 {½-½ (22) Korneev,O (2506)-Padeiro,J (2284) Maia 2018}) 13... Qc7 14. Qd3 g6 15. Bh6 Rfd8 16. Bg5 f6 17. Bd2 Nb4 18. cxb4 Qxc2 19. Qxc2 Rxc2 20. Rec1 Rdc8 21. a3 Kf7 22. Kf1 Bb5+ 23. Ke1 Ke8 24. Be3 Rxc1+ 25. Rxc1 Rxc1+ 26. Bxc1 Kd7 27. Kd2 Kc6 28. Kc3 Kd5 29. Be3 Bf1 30. g3 a5 31. Nd2 axb4+ 32. axb4 Bb5 33. Kb3 Bd8 34. Nb1 Bc4+ 35. Kc3 g5 36. Nd2 Be2 37. Nb3 b6 38. Nd2 Be7 39. Kb3 h6 40. Nb1 Bd1+ 41. Kc3 Bd6 $17 42. Nd2 Be2 43. f3 f5 44. Bg1 Be7 45. Be3 Bf6 46. Bf2 h5 47. Be3 h4 48. Bf2 hxg3 49. hxg3 Bg7 50. Be3 Bf6 51. Bf2 Bd8 52. Be3 Be7 53. Bf2 Bd6 54. Be3 Bxg3 55. Bxg5 Bf2 56. Bf6 Be1 57. Be5 Bxf3 58. Kd3 Be4+ 59. Ke2 Bh4 60. Ke3 Bg5+ 61. Ke2 Be7 62. b5 Bb4 63. Ke3 Bc2 64. Bc7 Ba5 65. Nf3 Ba4 66. Nh4 Bxb5 67. Ng6 Kc6 68. Be5 Bb4 69. Nf4 Bc4 70. Bf6 Bd6 71. Ng6 Ba2 72. Ne7+ Kd7 73. Ng6 b5 74. Ne5+ Kc7 75. Kd3 b4 76. Bg5 Bd5 77. Bc1 Kb6 78. Ke3 Kb5 79. Kd3 Ka4 80. Kc2 b3+ 81. Kc3 Bb4+ 82. Kd3 Ba3 83. Kd2 b2 0-1

[Event "Stockholm Elo Challenge 2019"]
[Site "Stockholm"]
[Date "2019.06.01"]
[Round "5.3"]
[White "Grahn, Vidar"]
[Black "Korning, Peter"]
[Result "1-0"]
[ECO "C50"]
[WhiteElo "1976"]
[BlackElo "1966"]
[Annotator "NA"]
[PlyCount "81"]
[EventDate "2019.05.29"]
[EventType "swiss"]
[EventCountry "SWE"]
[SourceTitle "playchess.com"]
[Source "ChessBase"]
[SourceQuality "1"]
[TimeControl "40/5400+30:1800+30"]

1. e4 e5 2. Nf3 Nc6 3. Bc4 Nf6 4. d3 Bc5 5. O-O d6 6. c3 a6 7. Bb3 Ba7 8. Nbd2 O-O 9. Re1 Bg4 {[%emt 0:04:53] C54: Giuoco Piano: 4 c3 Nf6, main lines with 5 d4 and 5 d3} (9... h6 10. Nf1 Re8 11. Ng3 Be6 12. Bxe6 Rxe6 13. Nh4 d5 14. Qe2 Bc5 15. Nhf5 Bf8 16. Qf3 Qd7 17. Nh5 Nxh5 18. exd5 {½-½ (34) Onischuk,V (2610)-Ovsejevitsch,S (2602) Dresden 2017}) 10. h3 Bh5 11. Nf1 d5 12. exd5 $146 ({Predecessor:} 12. Ng3 Bg6 13. Qe2 dxe4 14. dxe4 Nd7 15. Bg5 Qc8 16. Rad1 {1-0 (38) Tesla,V (2293)-Kutsykh,M (2295) Odessa 2010}) 12... Nxd5 13. Ng3 Bg6 14. Nxe5 Nxe5 15. Rxe5 c6 16. d4 Bb8 17. Re1 Qd6 18. Qf3 Bc7 19. Bd2 Rae8 20. a3 h5 21. c4 Nf6 22. Bb4 Qxd4 23. Bxf8 Rxf8 24. Qe3 $16 Bb6 25. Qxd4 Bxd4 26. Re2 h4 27. Nf1 Ne4 28. Rd1 c5 29. Nd2 f5 30. Nf3 Bh5 31. Nxd4 cxd4 32. f3 Rd8 33. Bc2 Kf7 34. Bxe4 fxe4 35. Rxe4 d3 36. Kf2 Bg6 37. Rxh4 d2 38. Ke3 Bc2 39. Rxd2 Re8+ 40. Kf2 g5 41. Rhd4 1-0

[Event "Stockholm Elo Challenge 2019"]
[Site "Stockholm"]
[Date "2019.06.01"]
[Round "5.4"]
[White "Helin, Mikael"]
[Black "Jansson, Gilbert"]
[Result "1-0"]
[ECO "B20"]
[WhiteElo "1898"]
[BlackElo "1892"]
[Annotator "NA"]
[PlyCount "79"]
[EventDate "2019.05.29"]
[EventType "swiss"]
[EventCountry "SWE"]
[SourceTitle "playchess.com"]
[Source "ChessBase"]
[SourceQuality "1"]
[TimeControl "40/5400+30:1800+30"]

1. e4 c5 2. c4 d6 3. Nc3 Nf6 4. g3 g6 5. h3 Bg7 6. Bg2 Nc6 7. Nge2 Bd7 8. d3 O-O 9. O-O Rb8 10. f4 a6 11. g4 {[%emt 0:00:40] A36: Symmetrical English vs ...g6: 4 Bg2 Bg7} (11. a4 Ne8 12. Be3 Nd4 13. Rb1 b5 14. axb5 axb5 15. cxb5 Bxb5 16. g4 Nc7 17. Ng3 e6 18. f5 Qh4 19. Bf2 Qg5 20. h4 Qd8 {1-0 (41) Kramnik,V (2791)-Radjabov,T (2744) Moscow 2010}) 11... b5 12. Ng3 b4 13. Nce2 Qc8 14. g5 $146 ({Predecessor:} 14. Kh2 Ne8 15. f5 Ne5 16. Rb1 f6 17. Nf4 g5 18. Nd5 Qd8 {½-½ (18) Knio,K-El Jawish,A (2055) Beirut 1998}) 14... Ne8 15. f5 Nd4 16. Nf4 Bc6 17. h4 gxf5 18. Bh3 e6 19. exf5 Nxf5 20. Nxf5 exf5 21. Nd5 Bxd5 22. cxd5 Bd4+ 23. Kh1 Qb7 24. Qf3 Ng7 25. h5 Qe7 26. h6 Ne8 27. Bf4 Bxb2 28. Rae1 Qd7 29. Bh2 Rb7 30. Rg1 Bd4 31. Rg2 ({White should try} 31. Bxf5 $18 Qd8 32. Rg2) 31... Bc3 $2 ({Black should play} 31... Qd8 $14) 32. Reg1 Bd4 33. Bxf5 Qe7 34. Be4 $14 ({Only move:} 34. Re2 $18 Qc7 35. Rgg2) 34... Qd7 35. Rf1 Kh8 36. Qh5 Be5 37. g6 hxg6 38. Qxg6 fxg6 39. Rxf8+ Kh7 40. Rxg6 1-0

[Event "Stockholm Elo Challenge 2019"]
[Site "Stockholm"]
[Date "2019.06.01"]
[Round "5.5"]
[White "Mayrany, Fargalla"]
[Black "Molin, Nils"]
[Result "0-1"]
[ECO "E62"]
[WhiteElo "1863"]
[BlackElo "1816"]
[Annotator "NA"]
[PlyCount "46"]
[EventDate "2019.05.29"]
[EventType "swiss"]
[EventCountry "SWE"]
[SourceTitle "playchess.com"]
[Source "ChessBase"]
[SourceQuality "1"]
[TimeControl "40/5400+30:1800+30"]

1. Nf3 Nf6 2. c4 g6 3. Nc3 Bg7 4. d4 d6 5. g3 O-O 6. Bg2 Nc6 7. O-O e5 8. e4 Bg4 9. Be3 exd4 10. Bxd4 Nxd4 11. Qxd4 Re8 12. Qd3 Qd7 13. Rfe1 a6 14. Nd4 Bh3 15. Bh1 Rab8 16. Rad1 Re5 17. Nde2 g5 18. f3 b5 19. Nd5 bxc4 20. Qxc4 Nxd5 21. exd5 Rxb2 22. Rb1 Rexe2 23. Qxe2 Bd4+ 0-1

[Event "Stockholm Elo Challenge 2019"]
[Site "Stockholm"]
[Date "2019.06.01"]
[Round "5.6"]
[White "Thiborg, Jesper"]
[Black "Skahlberg Bjerknes-Lima de Far, Warg"]
[Result "1-0"]
[ECO "A45"]
[WhiteElo "2085"]
[BlackElo "1691"]
[Annotator "NA"]
[PlyCount "103"]
[EventDate "2019.05.29"]
[EventType "swiss"]
[EventCountry "SWE"]
[SourceTitle "playchess.com"]
[Source "ChessBase"]
[SourceQuality "1"]
[TimeControl "40/5400+30:1800+30"]

1. d4 Nf6 2. Bf4 d5 3. e3 Bf5 4. c4 e6 5. Nc3 (5. Nf3 Bxb1 6. Rxb1 Bb4+ 7. Ke2 dxc4 8. Qa4+ Nc6 9. Ne5 a5 10. Nxc6 Qd7 11. Rc1 Nd5 12. Rxc4 Nb6 13. Qc2 Nxc4 14. Nxb4 Nxb2 {1-0 (41) Nakamura,H (2769)-Giri,A (2782) Leuven 2018}) 5... Bd6 6. Bg3 {D00: 1 d4 d5: Unusual lines} c6 7. Qb3 Bxg3 8. hxg3 Qc7 9. Rc1 Nbd7 10. Nf3 $146 ({Predecessor:} 10. cxd5 cxd5 11. Nf3 Ne4 {½-½ (22) Tuerlinckx,B (1958)-Vandersmissen,H (1754) Lommel 2012}) 10... Rc8 11. Be2 Ne4 12. Nxe4 Bxe4 13. O-O O-O 14. Rfd1 Nb6 15. Nd2 Bg6 16. a4 Nd7 17. Qc3 Nf6 18. b4 Ne4 19. Qb3 Nxd2 20. Rxd2 Qd7 21. b5 cxb5 22. axb5 dxc4 23. Bxc4 Rc7 24. Ra1 Rfc8 25. Ra4 h6 26. Rb4 Qd6 27. Ra2 b6 28. Ra6 Qe7 29. Rba4 $1 Rd8 30. Qa2 Rdd7 31. Ra3 Be4 32. Qe2 e5 33. dxe5 Qxe5 34. R6a4 Bd5 35. Bd3 $1 Be6 $11 36. Qf3 Bd5 37. Qf5 Qxf5 38. Bxf5 Re7 39. Rd4 Re5 40. e4 g6 41. f4 Ree7 42. Rxd5 gxf5 43. e5 Rc5 44. Rad3 Rec7 45. Kf2 Rc2+ 46. Kf3 Rb2 47. g4 fxg4+ 48. Kxg4 Rxg2+ 49. Kf5 Rg6 50. Rd8+ Kg7 51. Ra8 Re6 52. Rdd8 1-0

[Event "Stockholm Elo Challenge 2019"]
[Site "Stockholm"]
[Date "2019.06.01"]
[Round "6.1"]
[White "Grahn, Vidar"]
[Black "Karlsson, Lars"]
[Result "0-1"]
[ECO "B34"]
[WhiteElo "1976"]
[BlackElo "2448"]
[Annotator "ChessBase"]
[PlyCount "48"]
[EventDate "2019.05.29"]
[EventType "swiss"]
[EventCountry "SWE"]
[SourceTitle "playchess.com"]
[Source "ChessBase"]
[SourceQuality "1"]
[TimeControl "40/5400+30:1800+30"]

1. e4 c5 2. Nf3 Nc6 3. d4 cxd4 4. Nxd4 Nf6 5. Nc3 e5 6. Ndb5 h6 7. Nd6+ Bxd6 8. Qxd6 Qe7 9. Qxe7+ Kxe7 10. Be3 d6 11. O-O-O Be6 12. f3 a6 13. Nd5+ Bxd5 14. exd5 Nb4 15. Bc4 Rhc8 16. Bb3 a5 17. a3 a4 18. axb4 axb3 19. c3 Ra1+ 20. Kd2 Ra2 21. Kc1 b5 22. Rhe1 Rca8 23. f4 Ne4 24. Ba7 Ra1# {Be3 Nf6+} 0-1

[Event "Stockholm Elo Challenge 2019"]
[Site "Stockholm"]
[Date "2019.06.01"]
[Round "6.2"]
[White "Molin, Nils"]
[Black "Helin, Mikael"]
[Result "0-1"]
[ECO "B00"]
[WhiteElo "1816"]
[BlackElo "1898"]
[Annotator "NA"]
[PlyCount "46"]
[EventDate "2019.05.29"]
[EventType "swiss"]
[EventCountry "SWE"]
[SourceTitle "playchess.com"]
[Source "ChessBase"]
[SourceQuality "1"]
[TimeControl "40/5400+30:1800+30"]

1. e4 d6 2. Nf3 e5 3. d3 Nf6 4. g3 Be7 5. Bg2 c6 6. O-O Qc7 7. Qe2 h6 8. h3 Nbd7 9. c3 g5 10. d4 Nf8 11. h4 Bg4 12. dxe5 dxe5 13. Qd3 Rd8 14. Qc2 Bxf3 15. Bxf3 gxh4 16. gxh4 Ng6 17. h5 Nh4 18. Qe2 Qd7 19. Kh2 Rg8 20. Bxh6 Nxh5 21. Be3 Nf6 22. Rh1 Nxf3+ 23. Qxf3 Ng4+ 0-1

[Event "Stockholm Elo Challenge 2019"]
[Site "Stockholm"]
[Date "2019.06.01"]
[Round "6.3"]
[White "Pettersson, Alexander"]
[Black "Thiborg, Jesper"]
[Result "1-0"]
[ECO "D35"]
[WhiteElo "2045"]
[BlackElo "2085"]
[Annotator "NA"]
[PlyCount "53"]
[EventDate "2019.05.29"]
[EventType "swiss"]
[EventCountry "SWE"]
[SourceTitle "playchess.com"]
[Source "ChessBase"]
[SourceQuality "1"]
[TimeControl "40/5400+30:1800+30"]

1. d4 d5 2. c4 e6 3. Nc3 Nf6 4. cxd5 exd5 5. Bg5 Be7 6. e3 c6 7. Qc2 Nbd7 8. Bd3 Nf8 9. Nge2 Bd7 {[%emt 0:06:26] D36: Queen's Gambit Declined: Exchange Variation: Main line (5 Bg5 c6 6 Qc2)} (9... Ne6 10. Bh4 g6 11. f3 b5 12. O-O O-O 13. Rad1 Re8 14. Qd2 a5 15. Bf2 Bd7 16. Rc1 Rc8 17. Rfe1 b4 18. Na4 c5 19. Nxc5 Nxc5 20. dxc5 Rxc5 {0-1 (56) Lenderman,A (2637)-Abasov,N (2627) Astana 2019}) 10. O-O Ne6 11. Bxf6 $146 ({Predecessor:} 11. Bh4 h6 12. f3 O-O 13. Rad1 Ne8 14. Bf2 Nd6 15. e4 dxe4 16. fxe4 Bg5 17. e5 {1-0 (34) Dutreuil,R (2130)-Sotelo,R (2034) Paris 2015}) 11... Bxf6 12. b4 Rc8 13. Rab1 Qe7 14. Rfc1 Qd6 15. b5 c5 16. dxc5 Rxc5 17. Qb3 O-O 18. Rd1 Rfc8 {[%emt 0:06:37] [#]} 19. Nxd5 $1 Rxd5 $4 {[%emt 0:04:30] [#]} (19... Nf8 $16) 20. Bxh7+ $1 Kxh7 21. Rxd5 Qb6 22. Rxd7 Kg8 23. Nf4 Rc3 24. Qd5 Nxf4 $18 25. exf4 Rc2 26. Qxf7+ Kh8 27. Qe8+ 1-0

[Event "Stockholm Elo Challenge 2019"]
[Site "Stockholm"]
[Date "2019.06.01"]
[Round "6.4"]
[White "Bergqvist, Gustav 2004"]
[Black "Tran, Alva Ling"]
[Result "1-0"]
[ECO "D04"]
[WhiteElo "1751"]
[BlackElo "1616"]
[Annotator "NA"]
[PlyCount "37"]
[EventDate "2019.05.29"]
[EventType "swiss"]
[EventCountry "SWE"]
[SourceTitle "playchess.com"]
[Source "ChessBase"]
[SourceQuality "1"]
[TimeControl "40/5400+30:1800+30"]

1. d4 d5 2. Nf3 Nf6 3. e3 c6 4. b3 Bf5 5. Bd3 Bg6 6. Bb2 Nbd7 7. O-O e6 8. Nbd2 Bd6 9. Ne5 O-O 10. f4 c5 11. Ndf3 Rc8 12. Ng5 Bxd3 13. cxd3 cxd4 14. Bxd4 Bc5 15. Nxd7 Qxd7 16. Bxf6 Bxe3+ 17. Kh1 h6 18. Qg4 g6 19. Qh3 1-0

[Event "Stockholm Elo Challenge 2019"]
[Site "Stockholm"]
[Date "2019.06.02"]
[Round "7.1"]
[White "Karlsson, Lars"]
[Black "Helin, Mikael"]
[Result "1-0"]
[ECO "C41"]
[WhiteElo "2448"]
[BlackElo "1898"]
[Annotator "ChessBase"]
[PlyCount "123"]
[EventDate "2019.05.29"]
[EventType "swiss"]
[EventCountry "SWE"]
[SourceTitle "playchess.com"]
[Source "ChessBase"]
[SourceQuality "1"]
[TimeControl "40/5400+30:1800+30"]

1. Nf3 d6 2. e4 e5 3. d4 Nd7 4. Nc3 Ngf6 5. Bc4 Be7 6. O-O h6 7. a4 a5 8. Re1 c6 9. Bf1 g5 10. d5 Qc7 11. Nd2 Nf8 12. Nc4 Ng6 13. Be3 c5 14. Bd2 Bd7 15. Ne3 Nf4 16. Bb5 Kf8 17. Bxd7 Qxd7 18. Nc4 Bd8 19. Nb5 Ra6 20. Bc3 Ne8 21. g3 Ng6 22. Ne3 h5 23. Nf5 Be7 24. Qd3 Ra8 25. Na3 Bd8 26. Qb5 Qc7 27. Nc4 Ra6 28. Ra3 f6 29. Rb3 Rh7 30. Bd2 h4 31. Nce3 Qc8 32. Qe2 hxg3 33. fxg3 Qd7 34. Rb5 Qc8 35. Nc4 Ne7 36. Rf1 Nxf5 37. Rxf5 Ng7 38. Rf2 Kg8 39. Qf3 g4 40. Qe2 Ne8 41. Ne3 Nc7 42. Rb3 Rg7 43. Nf5 Rg6 44. h3 Ne8 45. Qb5 Ng7 46. Qxb7 Qxb7 47. Rxb7 Nxf5 48. exf5 Rg7 49. Rb8 Rd7 50. hxg4 Kg7 51. Rh2 Rb6 52. Ra8 Rxb2 53. Bxa5 Rb1+ 54. Kg2 Rc1 55. Rxd8 Rxd8 56. Bxd8 Rxc2+ 57. Kh3 Rc4 58. Ra2 Rd4 59. a5 e4 60. g5 fxg5 61. Bxg5 Rxd5 62. a6 1-0

[Event "Stockholm Elo Challenge 2019"]
[Site "Stockholm"]
[Date "2019.06.02"]
[Round "7.2"]
[White "Bergqvist, Gustav 2004"]
[Black "Pettersson, Alexander"]
[Result "0-1"]
[ECO "D04"]
[WhiteElo "1751"]
[BlackElo "2045"]
[Annotator "NA"]
[PlyCount "99"]
[EventDate "2019.05.29"]
[EventType "swiss"]
[EventCountry "SWE"]
[SourceTitle "playchess.com"]
[Source "ChessBase"]
[SourceQuality "1"]
[TimeControl "40/5400+30:1800+30"]

1. d4 d5 2. Nf3 Nf6 3. e3 c5 4. b3 cxd4 5. exd4 Nc6 (5... g6 6. Bb2 Bg7 7. Nbd2 O-O 8. Bd3 Nc6 9. a3 Nh5 10. O-O Nf4 11. Bb5 Bg4 12. h3 Bh5 13. Bxc6 bxc6 14. Re1 c5 15. Qc1 c4 16. Re3 {0-1 (46) Mamedyarov,S (2808)-Aronian,L (2764) Leuven 2018}) 6. Bb2 {[%emt 0:00:43] D04: Colle System} Bg4 7. Nbd2 e6 8. Be2 Qb6 9. O-O Rc8 10. Rc1 $146 ({Predecessor:} 10. c3 Be7 {½-½ (10) Glienke,M (2327)-Spivak,I (2375) Germany 2006}) 10... Bd6 11. c4 Bb8 12. cxd5 exd5 13. Ne5 Bxe2 $1 14. Qxe2 O-O 15. Nxc6 Rxc6 16. Nf3 Re6 17. Qd3 Qd6 18. g3 Ne4 19. Nh4 Rf6 20. Rc2 Qd7 21. f3 $2 (21. Nf3 $11 {and White stays safe.}) 21... Nxg3 22. Rff2 $2 (22. hxg3 Bxg3 23. f4 Bxh4 24. f5) 22... Qh3 (22... Nh5 $142 23. Qf1 Nf4) 23. hxg3 Bxg3 24. Rh2 Bxh2+ 25. Rxh2 Qg3+ 26. Ng2 Rg6 27. Qe2 Rc8 28. Rh5 h6 29. Rxd5 Kh7 (29... Re6 $19 30. Re5 Rxe5 31. dxe5 Qg6) 30. Rc5 Rd8 31. Qf2 Qh3 32. Re5 $19 (32. f4 $17) 32... f6 33. Re7 Rd5 34. Re2 Rdg5 35. f4 Rh5 36. Kf1 Qg4 37. Ke1 Rh2 38. d5 Qd7 39. Qf3 Rh1+ 40. Kd2 Rh3 41. Qe4 f5 42. Qe5 Rd6 43. Ne3 Rxe3 44. Qxe3 Rxd5+ 45. Ke1 Rd1+ 46. Kf2 Qd6 47. Qe5 Qb6+ 48. Re3 Rd2+ 49. Kg3 Qg6+ 50. Kf3 0-1

[Event "Stockholm Elo Challenge 2019"]
[Site "Stockholm"]
[Date "2019.06.02"]
[Round "7.3"]
[White "Willinger, Tim"]
[Black "Jansson, Gilbert"]
[Result "1-0"]
[ECO "D85"]
[WhiteElo "2073"]
[BlackElo "1892"]
[Annotator "NA"]
[PlyCount "83"]
[EventDate "2019.05.29"]
[EventType "swiss"]
[EventCountry "SWE"]
[SourceTitle "playchess.com"]
[Source "ChessBase"]
[SourceQuality "1"]
[TimeControl "40/5400+30:1800+30"]

1. d4 Nf6 2. c4 g6 3. Nc3 d5 4. cxd5 Nxd5 5. e4 Nxc3 6. bxc3 Bg7 7. Be3 c5 8. Qd2 O-O 9. Nf3 Qa5 10. Rc1 e6 11. Bh6 Nc6 {[%emt 0:01:46] D85: Exchange Grünfeld: Unusual White 7th moves and lines with 7 Nf3} 12. h4 cxd4 13. Bxg7 Kxg7 14. cxd4 Qxd2+ 15. Kxd2 Rd8 16. Ke3 Bd7 {[%emt 0:01:10] [#]} 17. Be2 $146 ({Predecessor:} 17. g4 f5 18. h5 fxg4 19. h6+ {1-0 (88) Khismatullin,D (2667)-Gabrielian,A (2559) Irkutsk 2010}) 17... Rac8 18. h5 h6 19. hxg6 fxg6 20. Rb1 Na5 21. Rhc1 Ba4 22. Ne5 Kf6 {[%emt 0:10:28] [#]} 23. f4 $1 b6 $2 (23... Be8 $16 24. g4 Ke7) 24. Ba6 Rxc1 25. Rxc1 Re8 26. Rc7 Re7 27. Rxe7 Kxe7 28. Nxg6+ Kf6 29. Ne5 Nc6 30. Nxc6 Bxc6 31. Bd3 b5 32. e5+ Ke7 33. Be4 Be8 34. d5 exd5 35. Bxd5 a5 36. f5 b4 37. Kd4 Bd7 38. f6+ Kf8 39. e6 Bc8 40. Ke5 a4 41. e7+ $18 Ke8 42. Kd6 1-0

[Event "Stockholm Elo Challenge 2019"]
[Site "Stockholm"]
[Date "2019.06.02"]
[Round "7.4"]
[White "Molin, Nils"]
[Black "Korning, Peter"]
[Result "0-1"]
[ECO "B06"]
[WhiteElo "1816"]
[BlackElo "1966"]
[Annotator "NA"]
[PlyCount "69"]
[EventDate "2019.05.29"]
[EventType "swiss"]
[EventCountry "SWE"]
[SourceTitle "playchess.com"]
[Source "ChessBase"]
[SourceQuality "1"]
[TimeControl "40/5400+30:1800+30"]

1. e4 g6 2. Nf3 Bg7 3. g3 c6 4. Bg2 d5 5. Qe2 dxe4 6. Qxe4 Nf6 7. Qh4 h6 8. h3 g5 9. Qa4 Nbd7 10. d4 Nb6 11. Qb4 Be6 12. b3 a5 13. Qd2 a4 14. Bb2 axb3 15. axb3 Rxa1 16. Bxa1 Qa8 17. Bb2 Ne4 18. Qc1 O-O 19. O-O $1 Qc8 20. Kh2 Nd7 21. c4 Qc7 22. Nbd2 Nef6 23. Qc2 Ra8 24. Ra1 Rxa1 25. Bxa1 Qa5 26. Bc3 Qf5 27. Qxf5 Bxf5 28. c5 Nd5 29. Bb2 {[%emt 0:00:29] [#]} Nxc5 $1 {[%emt 0:00:45] Pin} 30. Ba3 (30. Ne5 $142 Nd3 31. Nxd3 Bxd3 32. Nc4) 30... Ne6 31. Nc4 Nxd4 32. Nxd4 Bxd4 33. Na5 Bxf2 $19 34. Bxd5 cxd5 35. Bxe7 0-1